 Dungeon Crawl Stone Soup version 0.28-a0-1389-gc726bef33b (webtiles) character file.

Game seed: 17557070137454032325

2347 bande the Chopper (level 9, -7/55 HPs)
             Began as a Gargoyle Fighter on Jan 4, 2022.
             Was a Priest of Okawaru.
             Mangled by an orc warrior (10 damage)
             ... in a bailey.
             The game lasted 00:15:36 (8263 turns).

bande the Chopper (Gargoyle Fighter)                Turns: 8263, Time: 00:15:37

Health: -7/55      AC: 21    Str: 20    XL:     9   Next: 43%
Magic:  11/11      EV: 10    Int:  9    God:    Okawaru [***...]
Gold:   304        SH:  5    Dex: 13    Spells: 8/8 levels left

rFire   . . .      SeeInvis .   g - +2 hand axe (freeze)
rCold   . . .      Faith    .   c - +0 buckler
rNeg    + . .      Spirit   .   l - +0 plate armour
rPois   ∞          Reflect  .   d - +1 helmet
rElec   +          Harm     .   p - +0 cloak
rCorr   +          Rampage  .   r - +0 pair of gloves
Will    .....                   i - +1 pair of boots
Stlth   ..........              (no amulet)
HPRegen 0.98/turn               h - +4 ring of evasion
MPRegen 0.12/turn               q - ring of resist corrosion

@: attractive, hasted, very quick
A: sickness immunity, AC +6, negative energy resistance 1, electricity
resistance, torment resistance 1, petrification resistance, deformed body, low
mp 1, regeneration 1
a: Renounce Religion, Heroism


You were in a bailey.
You worshipped Okawaru.
Okawaru was most pleased with you.
You visited 1 branch of the dungeon, and saw 7 of its levels.
You also visited: Bailey.

You collected 304 gold pieces.

Inventory:

Hand Weapons
 a - a +1 war axe
 g - a +2 hand axe of freezing (weapon)
Armour
 c - a +0 buckler (worn)
 d - a +1 helmet (worn)
 i - a +1 pair of boots (worn)
 l - a +0 plate armour (worn)
 m - an orb of wrath
 p - a +0 cloak (worn)
 r - a +0 pair of gloves (worn)
Jewellery
 h - a +4 ring of evasion (left hand)
 q - a ring of resist corrosion (right hand)
Wands
 u - a wand of paralysis (10)
Scrolls
 k - a scroll of magic mapping
 s - a scroll of blinking
 v - 2 scrolls of teleportation
Potions
 b - 3 potions of curing
 e - a potion of flight
 j - a potion of attraction
 n - 2 potions of cancellation {unknown}
 o - a potion of resistance
 t - a potion of heal wounds {unknown}


   Skills:
 + Level 5.9 Fighting
 + Level 7.5 Axes
 + Level 6.8 Armour
 - Level 0.1 Dodging
 + Level 5.1 Shields
 * Level 5.0 Invocations
 * Level 1.0 Evocations


You had 8 spell levels left.
You didn't know any spells.
Your spell library contained the following spells:

 Spells                   Type           Power      Damage    Failure   Level
 Conjure Flame            Conj/Fire      0%         6-21      100%        3
 Ignite Poison            Fire/Tmut/Pois 0%         N/A       100%        3
 Ozocubu's Armour         Ice            0%         N/A       100%        3
 Sticky Flame             Conj/Fire      0%         2d3       100%        4
 Metabolic Englaciation   Hex/Ice        0%         N/A       100%        5
 Simulacrum               Ice/Necr       Unusable   N/A       N/A         6

Dungeon Overview and Level Annotations

Branches:
Dungeon (7/15)             Temple (0/1) D:6          Bailey (1/1)

Altars:
Hepliaklqana
Okawaru
Qazlal
Sif Muna
Yredelemnul


Innate Abilities, Weirdness & Mutations

You are immune to sickness and miasma.
Your stone body is resilient. (AC +6)
You are immune to poison.
You resist negative energy. (rN+)
You are resistant to electric shocks. (rElec)
You are resistant to unholy torment.
You are immune to petrification.
Armour fits poorly on your strangely shaped body.
Your magical capacity is low. (-10% MP)
Your natural rate of healing is unusually fast.


Message History

Things that are here:
4 boomerangs; a kobold corpse; a kobold corpse
There is an open gate here.
Things that are here:
a +0 war axe; 2 curare-tipped darts; 2 boomerangs
There is a gate leading back out of this place here.
Okay, then.
You start removing your armour.
You continue taking off your +0 buckler. x2
The orc knight hits you with a +0 war axe!
Keep disrobing?
You stop removing your armour.
The orc warrior closely misses you. The orc knight closely misses you.
The orc warrior hits you with a +0 war axe!
The orc knight hits you but does no damage.
There is a gate leading back out of this place here.
You hit the orc warrior but do no damage.
You closely miss the orc knight. You block the orc warrior's attack.
The orc knight hits you with a +0 war axe!
The orc warrior barely misses you. You block the orc knight's attack.
You hit the orc knight but do no damage.
You hit the orc warrior but do no damage.
The orc warrior hits you with a +0 war axe!
The orc knight hits you with a +0 war axe!
* * * LOW HITPOINT WARNING * * *
You hit the orc knight. You freeze the orc knight.
The orc knight is lightly wounded.
You hit the orc warrior but do no damage.
The orc warrior hits you with a +0 war axe.
* * * LOW HITPOINT WARNING * * *
The orc knight hits you with a +0 war axe.
* * * LOW HITPOINT WARNING * * *
It was a potion of haste.
You feel yourself speed up. You block the orc warrior's attack.
The orc knight hits you but does no damage.
It was a potion of attraction.
You feel attractive to monsters.
The orc warrior no longer looks unusually strong.
The orc warrior hits you with a +0 war axe!
You die...

####### ##.....##
#...∩...# #.......#
##..∩@.## ##'oo##
#.()# #.((# #...#
####...####
##≈.......≈##
#####≈≈.......≈≈###
#....≈≈.......≈≈...


You could see an orc knight and an orc warrior.

Vanquished Creatures
  A sky beast (D:5)
  A black bear (D:3)
  An orc warrior (D:4)
  3 ice beasts (D:4)
  2 necrophages
  An ogre (D:5)
  A centaur (D:6)
  3 phantoms
  3 kobold brigands (Bailey)
  A bullfrog (D:5)
  A water moccasin zombie (D:4)
  A howler monkey (D:5)
  4 centaur zombies
  3 orc priests
  2 hounds
  2 jellies
  A gnoll shaman (D:4)
  2 bullfrog skeletons
  A scorpion zombie (D:4)
  Terence (D:2)
  5 orc wizards
  A hound zombie (D:5)
  A howler monkey zombie (D:4)
  Robin (D:3)
  5 gnolls (D:4)
  8 adders
  2 shadow imps
  An ufetubus (D:5)
  An adder skeleton (D:4)
  A dart slug (D:2)
  18 orcs
  5 endoplasms
  5 giant cockroaches
  15 goblins
  7 hobgoblins
  4 jackals (D:2)
  4 quokkas
  3 ball pythons
  2 bats
  2 frilled lizards (D:2)
  13 kobolds
  2 quokka zombies (D:4)
  5 rats
146 creatures vanquished.

Notes
Turn   | Place    | Note
-------+----------+-------------------------------------------
     0 | D:1      | bande the Gargoyle Fighter began the quest for the Orb.
     0 | D:1      | Reached XP level 1. HP: 14/14 MP: 1/1
   634 | D:1      | Reached XP level 2. HP: 19/19 MP: 2/2
   661 | D:1      | Found a faded altar of an unknown god.
  1347 | D:2      | Noticed a necrophage
  1356 | D:2      | Reached skill level 2 in Axes
  1357 | D:2      | Killed a necrophage
  1358 | D:2      | Reached XP level 3. HP: 7/24 MP: 3/3
  1358 | D:2      | Reached XP level 4. HP: 9/29 MP: 4/4
  1805 | D:2      | Reached XP level 5. HP: 20/33 MP: 5/5
  2522 | D:3      | Noticed Terence
  2535 | D:2      | Reached skill level 3 in Axes
  2546 | D:2      | Killed Terence
  2964 | D:3      | Gained mutation: Armour fits poorly on your strangely
                  | shaped body. [potion of mutation]
  2964 | D:3      | Gained mutation: Your natural rate of healing is unusually
                  | fast. [potion of mutation]
  2964 | D:3      | Gained mutation: Your magical capacity is low. (-10% MP)
                  | [potion of mutation]
  3055 | D:3      | Noticed Robin
  3457 | D:3      | Killed Robin
  3511 | D:3      | Found an iron altar of Okawaru.
  3520 | D:3      | Became a worshipper of Warmaster Okawaru
  3579 | D:3      | Reached XP level 6. HP: 29/38 MP: 5/5
  4049 | D:3      | Found a stormy altar of Qazlal.
  4049 | D:3      | Found a shimmering blue altar of Sif Muna.
  4094 | D:4      | Noticed an orc warrior
  4096 | D:4      | Noticed a black bear
  4116 | D:3      | Reached skill level 1 in Invocations
  4330 | D:3      | Killed a black bear
  4331 | D:3      | Reached skill level 4 in Axes
  4331 | D:3      | Reached skill level 5 in Armour
  5075 | D:4      | Killed an orc warrior
  5076 | D:4      | Reached XP level 7. HP: 19/44 MP: 7/7
  5510 | D:4      | Reached * piety under Okawaru
  5980 | D:4      | Found a basalt altar of Yredelemnul.
  6004 | D:4      | Reached skill level 5 in Axes
  6184 | D:4      | Found a transporter.
  6212 | D:4      | Found a transporter.
  6256 | D:4      | Found a hazy altar of Hepliaklqana.
  6368 | D:4      | Reached XP level 8. HP: 48/48 MP: 9/9
  6397 | D:4      | Reached ** piety under Okawaru
  6689 | D:5      | Entered Level 5 of the Dungeon
  6703 | D:5      | Reached skill level 5 in Fighting
  6751 | D:5      | Reached skill level 6 in Axes
  7030 | D:5      | Reached XP level 9. HP: 54/54 MP: 11/11
  7311 | D:6      | Found a staircase to the Ecumenical Temple.
  7329 | D:6      | Reached skill level 7 in Axes
  7489 | D:6      | Reached skill level 5 in Shields
  8101 | D:7      | Found a flagged portal.
  8119 | Bailey   | Entered a bailey
  8154 | Bailey   | Reached *** piety under Okawaru
  8184 | Bailey   | Reached skill level 5 in Invocations
  8184 | Bailey   | Reached skill level 1 in Evocations
  8232 | Bailey   | Noticed an orc knight
  8261 | Bailey   | HP: 2/55 [orc knight (3)]
  8263 | Bailey   | Mangled by an orc warrior

Illustrated notes

Levels and vault maps discovered:
D:1:      psy_arrival_heroes, layout_loops_ring, ebering_ecumenical_altar_webs,
          minmay_tromino_v4_b
D:2:      layout_loops_cross
D:3:      layout_rooms, mainiacjoe_overflow_small_starburst,
          gammafunk_temple_overflow_pools, uniq_terence, uniq_robin
D:4:      gammafunk_cloud_chamber, layout_cave_pools,
          nicolae_hepliaklqana_hippocampus, nicolae_yredelemnul_corpse_copse,
          nicolae_underground_beach
D:5:      layout_basic, grunt_decor_clamped
D:6:      layout_loops_ring, minmay_temple_entry_arrows,
          minmay_misc_feat_hallway
D:7:      layout_rooms, nemelex_spade_bored_becter, enter_bailey_4,
          chequers_garden, uniq_maggie
Bailey:   bailey_axe_3, bailey

Skill      XL: |  1  2  3  4  5  6  7  8  9 |
---------------+----------------------------+-----
Axes           | 2 3 4 5 6 7 |  7.5
Armour         | 4 5 6 |  6.8
Fighting       | 4 5 |  5.9
Shields        | 4 5 |  5.1
Invocations    | 2 3 4 5 |  5.0
Evocations     | 1 |  1.0
Dodging        | |  0.1

Action                   |  1- 3 |  4- 6 |  7- 9 || total
-------------------------+-------+-------+-------++-------
Melee: War axe           |    57 |   118 |       ||   175
       Hand axe          |       |    52 |   345 ||   397
  Use: Scroll            |     4 |     7 |     5 ||    16
       Potion            |       |     2 |     2 ||     4
Armor: Scale mail        |    24 |    32 |       ||    56
       Chain mail        |       |    75 |       ||    75
       Plate armour      |       |       |   208 ||   208
Dodge: Dodged            |    45 |   132 |   184 ||   361
Block: Buckler           |    15 |    42 |    81 ||   138

Table legend: (Time is in decaauts)
 A = Elapsed time spent in this place.
 B = Non-inter-level travel time spent in this place.
 C = Inter-level travel time spent in this place.
 D = Time resting spent in this place.
 E = Time spent auto-exploring this place.
 F = Levels seen in this place.
 G = Mean time per level.
                   A        B        C        D        E       F      G
               +--------+--------+--------+--------+--------+-----+--------+
         Total |   8345 |   8291 |     54 |   3659 |   2968 |   8 | 1043.1 |
       Dungeon |   8202 |   8148 |     54 |   3659 |   2963 |   7 | 1171.7 |
        Bailey |    143 |    143 |      0 |      0 |      5 |   1 |  143.0 |
               +--------+--------+--------+--------+--------+-----+--------+

Top non-repeatable levels by time:
     D:2: 2092 daAuts
     D:3: 1726 daAuts
     D:4: 1686 daAuts
     D:1: 1273 daAuts
     D:6: 784 daAuts
     D:5: 563 daAuts
  Bailey: 143 daAuts
     D:7: 76 daAuts
